 Dungeon Crawl Stone Soup version 0.27-a0-1006-g1fd4cec11e (webtiles) character file.

Game seed: 4803504758858751170

124 1player the Grave Robber (level 4, -5/37 HPs)
             Began as a Mummy Necromancer on Apr 17, 2021.
             Slain by a sky beast (6 damage)
             ... on level 3 of the Dungeon.
             The game lasted 00:11:56 (4318 turns).

1player the Grave Robber (Mummy Necromancer)        Turns: 4318, Time: 00:11:57

Health: -5/37      AC:  2    Str: 11    XL:     4   Next: 81%
Magic:  8/8        EV: 12    Int: 15    God:
Gold:   125        SH:  0    Dex: 12    Spells: 6/8 levels left

rFire    x . .     SeeInvis .   f - +3 dagger (protect)
rCold    + . .     Faith    .   (no shield)
rNeg     + + +     Spirit   .   a - +0 robe
rPois    ∞         Reflect  .   (no helmet)
rElec    .         Harm     .   (no cloak)
rCorr    .         Rampage  .   (no gloves)
Will     .....                  (no boots)
Stlth    ++........             g - amulet of the acrobat
HPRegen  0.12/turn              (no ring)
MPRegen  0.11/turn              (no ring)

@: no status effects
A: cold resistance 1, negative energy resistance 3, torment resistance 2,
unbreathing 1, heat vulnerability 1, no potions
a: no special abilities


You were on level 3 of the Dungeon.
You visited 1 branch of the dungeon, and saw 4 of its levels.

You collected 125 gold pieces.

Inventory:

Hand Weapons
 e - a +0 short sword
 f - a +3 dagger of protection (weapon)
Missiles
 c - 33 poisoned darts (quivered)
 d - 7 silver javelins
Armour
 a - a +0 robe (worn)
Jewellery
 g - an amulet of the acrobat (around neck)
 l - an amulet of reflection
Scrolls
 b - a scroll of blinking {unknown}
 h - a scroll of magic mapping {unknown}
 i - a scroll of noise {unknown}
 j - a scroll of torment {unknown}
 k - a scroll of teleportation
 m - a scroll of amnesia {unknown}


   Skills:
 - Level 4.0 Fighting
 - Level 1.5 Dodging
 - Level 1.5 Stealth
 - Level 2.6 Spellcasting
 + Level 4.5 Necromancy


You had 6 spell levels left.
You knew the following spells:

 Your Spells              Type           Power      Damage    Failure   Level
q - Pain                  Necr           60%        1d7       3%          1
Q - Animate Skeleton      Necr           30%        N/A       3%          1

Your spell library contained the following spells:

 Spells                   Type           Power      Damage    Failure   Level
 Vampiric Draining        Necr           7%         2d7       10%         3
 Magic Dart               Conj           8%         1d3       21%         1
 Blink                    Tloc           N/A        N/A       30%         2
 Call Imp                 Summ           2%         N/A       30%         2
 Slow                     Hex            2%         N/A       30%         2
 Animate Dead             Necr           7%         N/A       32%         4
 Conjure Flame            Conj/Fire      2%         6-21      52%         3
 Mephitic Cloud           Conj/Pois/Air  2%         N/A       52%         3
 Agony                    Necr           15%        N/A       65%         5


Dungeon Overview and Level Annotations

Branches:
Dungeon (4/15)
 Temple: D:4-7

Altars:
Ru
Trog

Shops:
D:3 =

Annotations:
D:3 halberd gnoll
D:4 Robin


Innate Abilities, Weirdness & Mutations

You are immune to poison.
Your flesh is cold resistant. (rC+)
You are immune to negative energy. (rN+++)
You are immune to unholy pain and torment.
You can survive without breathing.
You are vulnerable to heat. (rF-)
You do not drink.


Message History

Level annotation: Robin The sky beast flickers out of sight!
Deactivating autopickup; reactivate with Ctrl-A.
There is a stone staircase leading up here.
Something completely misses you.
You closely miss something.
A sky beast appears from thin air!
Reactivating autopickup.
The sky beast hits you. The sky beast shocks you.
You closely miss the sky beast. The sky beast hits you.
The sky beast shocks you.
Casting: Animate Skeleton (safe; 3% risk of failure)
Confirm with . or Enter, or press ? or * to list all spells.
Aiming: Pain (safe; 3% risk of failure)
Press: ? - help, Shift-Dir - straight line, f - sky beast
Aim: a sky beast (chance to affect: 73%)
The sky beast struggles to resist.
The sky beast flickers out of sight!
Deactivating autopickup; reactivate with Ctrl-A.
Something hits you but does no damage.
There is a stone staircase leading up here.
Something hits you. Something shocks you.
You climb upwards.
Level annotation: halberd gnoll Reactivating autopickup.
There is a stone staircase leading down here.
Something hits you.
* * * LOW HITPOINT WARNING * * *
Something shocks you.
* * * LOW HITPOINT WARNING * * *
Deactivating autopickup; reactivate with Ctrl-A.
Okay, then.
A sky beast appears from thin air!
Reactivating autopickup.
The sky beast flickers out of sight!
Deactivating autopickup; reactivate with Ctrl-A.
There is a stone staircase leading up here.
Something hits you.
* * * LOW HITPOINT WARNING * * *
Something shocks you.
You die...

########### #############
#.........###...........#
#.........##............#
#.........##............#
#..........#............#
#..........#............##
#..........#....@........#
#..........#.#.#.......#.#
#..........#...#.#.#.#.#.#
#..............#.....#...###
########+###...#...8.∩.<.8.#
#.......##......##..###
#####..................#
#######.....≈#########.#####.#
......'....>.# #......#####.#


There were no monsters in sight!

Vanquished Creatures
  2 gnolls (D:3)
  2 adders
  A worm (D:4)
  3 dart slugs
  3 orcs (D:3)
  6 ball pythons
  6 bats
  6 endoplasms
  3 giant cockroaches
  9 goblins
  4 hobgoblins
  4 jackals (D:1)
  8 kobolds
  4 quokkas
  A frilled lizard (D:3)
  5 rats
67 creatures vanquished.

Vanquished Creatures (collateral kills)
  A frilled lizard (D:3)
1 creature vanquished.

Grand Total: 68 creatures vanquished

Notes
Turn   | Place    | Note
-------+----------+-------------------------------------------
     0 | D:1      | 1player the Mummy Necromancer began the quest for the Orb.
     0 | D:1      | Reached XP level 1. HP: 13/13 MP: 4/4
    95 | D:1      | Reached skill level 1 in Fighting
   134 | D:1      | Found a faded altar of an unknown god.
   186 | D:1      | Learned a level 1 spell: Animate Skeleton
   214 | D:1      | Reached XP level 2. HP: 21/22 MP: 2/5
  1296 | D:2      | Reached XP level 3. HP: 24/28 MP: 2/7
  2836 | D:3      | Found Tiume's Jewellery Shop.
  2855 | D:3      | Reached XP level 4. HP: 37/37 MP: 5/8
  3289 | D:3      | Found a sacrificial altar of Ru.
  3289 | D:3      | Found a bloodstained altar of Trog.
  3927 | D:4      | Noticed a sky beast
  4130 | D:4      | Noticed Robin
  4318 | D:3      | HP: 1/37 [something (2)]
  4318 | D:3      | Slain by a sky beast

Illustrated notes

Levels and vault maps discovered:
D:1:      mrwooster_arrival_arrow, layout_basic, chequers_ecumenical_altar_lobes
D:2:      layout_basic
D:3:      layout_basic, nicolae_overflow_hidden_temple, serial_shops,
          shop_statue
D:4:      layout_loops_cross, chequers_serial_rivers_micro_c, hex_tiny,
          minmay_between, uniq_robin

Skill      XL: |  1  2  3  4 |
---------------+-------------+-----
Fighting       | 1 2 3 4 |  4.0
Dodging        | |  1.5
Stealth        | |  1.5
Spellcasting   | |  2.6
Necromancy     | |  4.5

Action                   |  1- 3 |  4- 6 || total
-------------------------+-------+-------++-------
Melee: Short sword       |     5 |       ||     5
       Unarmed           |     5 |       ||     5
       Dagger            |    39 |    21 ||    60
 Cast: Pain              |    68 |    45 ||   113
       Animate Skeleton  |    12 |     3 ||    15
  Use: Scroll            |       |     1 ||     1
 Stab: Sleeping          |     2 |       ||     2
Armor: Robe              |    21 |     6 ||    27
Dodge: Dodged            |    54 |    22 ||    76

Table legend: (Time is in decaauts)
 A = Elapsed time spent in this place.
 B = Non-inter-level travel time spent in this place.
 C = Inter-level travel time spent in this place.
 D = Time resting spent in this place.
 E = Time spent auto-exploring this place.
 F = Levels seen in this place.
 G = Mean time per level.
                   A        B        C        D        E       F      G
               +--------+--------+--------+--------+--------+-----+--------+
         Total |   4325 |   4054 |    271 |   1575 |    928 |   4 | 1081.2 |
       Dungeon |   4325 |   4054 |    271 |   1575 |    928 |   4 | 1081.2 |
               +--------+--------+--------+--------+--------+-----+--------+

Top non-repeatable levels by time:
     D:2: 1563 daAuts
     D:1: 1234 daAuts
     D:3: 1221 daAuts
     D:4: 305 daAuts
